 Dungeon Crawl Stone Soup version 0.13-a0-2960-g2f00e6d (console) character file.

137296 Kellhus the Destroyer (level 17, 96/96 HPs)
             Began as a Gargoyle Wizard on Sept 6, 2013.
             Was a High Priest of Vehumet.
             Quit the game on Level 18 of the Dungeon.
             The game lasted 02:13:47 (45514 turns).

Kellhus the Destroyer (Gargoyle Wizard)            Turns: 45514, Time: 02:13:47

HP  96/96        AC 20     Str 16      XL: 17   Next: 21%
MP  54/54        EV 14     Int 36      God: Vehumet [*****.]
Gold 1060        SH  0     Dex  8      Spells:  8 memorised, 13 levels left

Res.Fire  : + . .   See Invis. : .   a - staff of power
Res.Cold  : + + +   Warding    : .   o - +2 orc robe {rC+ rF+}
Life Prot.: + . .   Conserve   : +   (no shield)
Res.Poison: +       Res.Corr.  : .   L - +1 helmet
Res.Elec. : +       Clarity    : .   H - +0 cloak
Sust.Abil.: . .     Spirit.Shd : .   b - +0 pair of elf gloves
Res.Mut.  : .       Stasis     : .   F - -1 pair of elf boots
Res.Rott. : +       Flight     : +   I - amulet "Eranaraw" {Cons rC++}
Saprovore : . . .                    V - +5 ring of intelligence
                                     r - ring of Phontas {+Fly Str+5 Int+5}

@: flying, somewhat resistant to hostile enchantments, fairly stealthy
A: large and strong wings, fangs 1, talons 2, cold resistance 1, life protection
1, electricity resistance, slow metabolism 1, unbreathing, petrification
resistance, AC +12
a: Stop Flying, Renounce Religion


You were on level 18 of the Dungeon.
You worshipped Vehumet.
Vehumet was exalted by your worship.
You were hungry.

You visited 4 branches of the dungeon, and saw 31 of its levels.
You also visited: Sewer, Bailey and Volcano.

You collected 3520 gold pieces.
You spent 2480 gold pieces at shops.

Inventory:

Hand weapons
 y - a cursed +0,+0 dagger of distortion (quivered)
Armour
 b - a +0 pair of elven gloves (worn)
 o - a +2 orcish robe of resistance (worn)
 F - a -1 pair of elven boots (worn)
 H - a +0 cloak (worn)
 L - a +1 helmet (worn)
Magical devices
 g - a wand of polymorph (5)
 m - a wand of teleportation (1)
 q - a wand of hasting (4)
 O - a wand of disintegration (4) {unknown}
 Q - a wand of random effects (15)
Comestibles
 d - 8 bread rations
 i - 6 meat rations
 j - 6 pears
 z - a snozzcumber
 C - 8 cheeses
 K - 5 apples
 S - 2 slices of pizza
Scrolls
 c - 6 scrolls of teleportation
 f - 3 scrolls of fear
 s - 3 scrolls of magic mapping
 B - 11 scrolls of remove curse
 G - a scroll of fog
 M - a scroll of amnesia
 R - a scroll of blinking
Jewellery
 l - an uncursed amulet of conservation
 p - an uncursed ring of see invisible
 r - the ring of Phontas (left hand) {+Fly Str+5 Int+5}
   (You bought it in a shop on level 4 of the Orcish Mines)

   [ring of flight]

   It affects your strength (+5).
   It affects your intelligence (+5).
 u - an uncursed ring of magical power
 w - an uncursed amulet of faith
 E - an uncursed ring of sustenance {unknown}
 I - the amulet "Eranaraw" (around neck) {Cons rC++}
   (You found it on level 8 of the Lair of Beasts)

   [amulet of conservation]

   It greatly protects you from cold.
 P - a +3 ring of protection
 T - an uncursed ring of wizardry
 V - a +5 ring of intelligence (right hand)
Potions
 e - 2 potions of agility
 h - 8 potions of heal wounds
 k - 5 potions of brilliance
 n - 14 potions of curing
 t - 3 potions of berserk rage
 v - a potion of resistance
 x - 3 potions of speed
 A - a potion of magic
 D - 3 potions of might
 J - 3 potions of invisibility
Books
 N - a book of Power

   Spells                             Type                      Level
   Iskenderun's Mystic Blast          Conjuration                  4
   *Venom Bolt                        Conjuration/Poison           5
   Bolt of Magma                      Conjuration/Fire/Earth       5
   Fulminant Prism                    Conjuration/Hexes            5
   *Iron Shot                         Conjuration/Earth            6
   Orb of Destruction                 Conjuration                  7
Magical staves
 a - an uncursed staff of power (weapon)


   Skills:
 - Level 10.0 Fighting
 - Level 7.0 Dodging
 - Level 2.1 Stealth
 + Level 15.9 Spellcasting
 - Level 16.0 Conjurations
   Level 0.8 Summonings
 - Level 0.8 Translocations
 - Level 10.0 Fire Magic
 - Level 10.0 Earth Magic
 - Level 10.0 Poison Magic


You had 13 spell levels left.
You knew the following spells:

 Your Spells              Type           Power        Failure   Level  Hunger
a - Iron Shot             Conj/Erth      #######...   1%          6    None
b - Poison Arrow          Conj/Pois      #######...   1%          6    None
c - Venom Bolt            Conj/Pois      #######...   1%          5    None
d - Poisonous Cloud       Conj/Pois/Air  ######....   2%          6    None
e - Stone Arrow           Conj/Erth      ######       1%          3    None
f - Sticky Flame          Conj/Fire      #######.     1%          4    None
l - Blink                 Tloc           N/A          1%          2    None
r - Repel Missiles        Chrm/Air       ####......   1%          2    None


Dungeon Overview and Level Annotations

Branches:
Dungeon (18/27)            Temple (1/1) D:4             Orc (4/4) D:9
    Elf (0/3) Orc:3          Lair (8/8) D:8          Shoals (0/5) Lair:3
 Spider (0/5) Lair:6        Slime (0/6) Lair:8       Vaults (0/5) D:17

Altars:
Ashenzari
Cheibriados
Elyvilon
Fedhas
Kikubaaqudgha
Makhleb
Nemelex Xobeh
Okawaru
Sif Muna
Trog
Vehumet
Xom
Yredelemnul
Zin
the Shining One
Jiyva

Shops:
D:10 =   D:11 ?   D:14 /   Orc:4 =/%*(*(*

Annotations:
Orc:1 Maurice
Lair:3 exclusion: oklob plant


Innate Abilities, Weirdness & Mutations

You are resistant to torment.
You are immune to poison.
You can fly continuously.
Your stone body is very resilient (AC +12).
Your wings are large and strong.
You have very sharp teeth.
You have razor-sharp toenails.
You resist negative energy.
You are resistant to electric shocks.
You have a slow metabolism.
You can survive without breathing.
You are immune to petrification.
Your flesh is cold resistant.


Message History

You can't pick everything up without burdening yourself.
You see here a scroll of identify.
You can't pick everything up without burdening yourself.
You see here a scroll of identify.
Could not pick up an item here; shall I ignore it?
Okay, then.
You are being weighed down by all of your possessions.
U - a scroll of identify Read which item? (? for menu, Esc to quit)
Identify which item? (? for menu, Esc to quit)
As you read the scroll of identify, it crumbles to dust.
I - the amulet "Eranaraw" (around neck) {Cons rC++} Your possessions no longer seem quite so burdensome.
Drop what? (_ for help) (? for menu, Esc to quit)
Okay, then.
Save game and exit?
Welcome back, Kellhus the Gargoyle Wizard.
Vehumet says: Let it end in hellfire!
Press ? for a list of commands and other information.
Are you sure you want to abandon this character and quit the game? (Confirm with "yes".)

+.)# #........#(....
#..#######........######
#......................'
#......................#
##(.#######.............#
#...#.....#####.........#
#(..#%........#.....#####
#...%.%.......#%....# .
#...#...@.....#.....# .
#...#%........#.....# .
#...###########.....#
#.... .......# #.....
#+##+##.# #..... #.#
###... #.# +.. .


There were no monsters in sight!

Vanquished Creatures
  Saint Roka (Orc:4)
  An acid blob (Lair:8)
  Agnes (D:14)
  A stone giant (D:17)
  A minotaur (Volcano)
  A dragon (Lair:8)
  2 dancing weapons (D:17)
  Harold (D:11)
  11 hydras
  The ghost of ghwc the Thaumaturge, a powerful DgIE (Lair:2)
  An ice dragon (D:17)
  Erica (Orc:4)
  An ogre mage (D:17)
  8 death yaks
  5 rakshasas (D:13)
  A very ugly thing (D:17)
  Urug (Orc:4)
  3 orc high priests (Orc:4)
  4 centaur warriors
  Nergalle (Lair:4)
  An iron troll (Orc:4)
  A skeletal warrior (D:15)
  4 unseen horrors
  Erolcha (D:8)
  2 griffons
  8 orc knights
  2 giant amoebae
  10 hill giants
  2 lindwurms (Lair:8)
  3 wizards (D:13)
  A wolf spider (D:17)
  2 orc sorcerers
  A sphinx skeleton (D:17)
  3 cyclopes
  7 spiny worms (Lair:8)
  23 elephants
  A feature mimic (Orc:4)
  2 frost giant skeletons
  5 vapours (D:13)
  A black mamba (Lair:2)
  Psyche (Orc:1)
  A spiny frog (shapeshifter) (D:17)
  9 spiny frogs
  5 yaktaurs (D:15)
  2 fire drakes
  5 komodo dragons
  3 hydra zombies
  Grinder (D:6)
  A jumping spider (shapeshifter) (D:16)
  6 trolls
  Sonja (D:11)
  4 giant fireflies (Lair:8)
  3 giant leeches (Lair:8)
  4 blink frogs (Lair:4)
  A polar bear (Lair:7)
  A queen bee (shapeshifter) (D:15)
  13 slime creatures
  4 basilisks
  2 shadows
  A snapping turtle (Lair:3)
  2 griffon zombies
  5 two-headed ogres
  A griffon skeleton (D:18)
  5 redbacks (Lair:8)
  4 wyverns
  A grizzly bear (Lair:5)
  26 ugly things
  A golden eye (shapeshifter) (D:17)
  95 yaks
  2 vampires
  3 wraiths
  Eustachio (D:9)
  An elephant slug (Lair:4)
  2 sharks (D:9)
  2 clay golems (Volcano)
  15 vampire mosquitoes
  6 rock worms
  A tarantella (Lair:8)
  3 hungry ghosts
  7 swamp worms (D:9)
  6 manticores
  Edmund (D:8)
  2 hill giant skeletons
  13 hippogriffs
  Menkaure (D:6)
  A necrophage (D:10)
  17 wolves
  A freezing wraith (D:18)
  2 hell hounds (Lair:8)
  9 porcupines
  5 sky beasts
  2 soldier ants
  43 orc warriors
  2 yellow wasps
  4 ice beasts
  A giant goldfish (D:9)
  17 ogres
  4 black bears
  A boring beetle (Lair:8)
  5 phantoms
  9 crocodiles
  10 centaurs
  Duvessa (D:6)
  8 wargs
  7 big kobolds
  21 giant frogs
  7 giant slugs
  A big kobold (shapeshifter) (D:14)
  3 brain worms (Lair:8)
  A komodo dragon zombie (D:16)
  Blork the orc (D:6)
  A yaktaur zombie (D:10)
  A manticore zombie (D:14)
  10 agate snails
  14 water moccasins
  3 yak zombies
  3 manticore skeletons
  A boulder beetle zombie (D:16)
  4 human zombies (D:16)
  A rock worm zombie (D:15)
  4 troll zombies
  3 yak skeletons
  4 jellyfish
  18 killer bees
  15 wights
  9 electric eels
  Dowan (D:6)
  6 crimson imps
  6 goliath beetles
  A centaur zombie (D:6)
  2 giant frog zombies
  A boring beetle zombie (D:16)
  22 hounds
  A big fish (D:9)
  10 iguanas
  Crazy Yiuf (D:4)
  5 jellies
  8 orange rats
  33 orc priests
  A two-headed ogre skeleton (D:12)
  31 orc wizards
  4 scorpions
  3 spectral orcs (Lair:3)
  11 worker ants
  An ogre zombie (D:16)
  14 sheep
  Ijyb (D:4)
  A big kobold zombie (D:15)
  A mottled dragon skeleton (D:16)
  A boggart (D:15)
  2 mummies
  A hound skeleton (D:5)
  An orange rat zombie (D:13)
  31 adders
  12 gnolls
  A steam dragon zombie (D:9)
  6 giant centipedes
  16 green rats
  A worker ant zombie (D:5)
  An inept feature mimic (D:2)
  An inept item mimic (D:2)
  A shadow imp (D:13)
  7 giant mites
  32 worms
  3 orc zombies
  19 grey rats
  An iguana zombie (D:11)
  2 giant eyeballs
  233 orcs
  2 ball pythons (D:6)
  25 goblins
  24 hobgoblins
  37 jackals
  9 quokkas
  31 bats
  10 giant cockroaches
  8 giant geckos
  3 giant newts
  3 giant spores
  5 grey rat zombies (D:13)
  20 illusory rakshasas
  A jackal skeleton (D:7)
  37 kobolds
  A kobold skeleton (D:5)
  An orc skeleton (D:5)
  A quokka skeleton (D:4)
  49 rats
  5 rat skeletons (Orc:4)
  8 rat zombies
  12 ballistomycetes
  2 fungi (Lair:8)
  A plant (Lair:8)
1507 creatures vanquished.

Vanquished Creatures (others)
  2 orc sorcerers (Orc:4)
  2 orc wizards (Orc:4)
  4 orcs (Orc:4)
  A rat (D:8)
  6 rat skeletons (Orc:4)
  12 fungi
  4 plants
31 creatures vanquished.

Grand Total: 1538 creatures vanquished

Notes
Turn   | Place    | Note
--------------------------------------------------------------
     0 | D:1      | Kellhus, the Gargoyle Wizard, began the quest for the Orb.
     0 | D:1      | Reached XP level 1. HP: 8/8 MP: 5/5
   143 | D:1      | Reached XP level 2. HP: 13/13 MP: 0/7
   917 | D:1      | Reached XP level 3. HP: 17/17 MP: 5/9
  1527 | D:2      | Reached skill level 4 in Conjurations
  1653 | D:2      | Reached XP level 4. HP: 20/22 MP: 7/11
  2168 | D:2      | Reached skill level 5 in Conjurations
  2246 | D:2      | Reached XP level 5. HP: 23/26 MP: 12/12
  2580 | D:2      | Found a bloodstained altar of Trog.
  2954 | D:3      | Noticed an ogre
  2967 | D:3      | Killed an ogre
  2967 | D:3      | Reached skill level 6 in Conjurations
  2967 | D:3      | Reached XP level 6. HP: 31/31 MP: 14/14
  3128 | D:3      | Learned a level 3 spell: Conjure Flame
  3132 | D:3      | Learned a level 3 spell: Mephitic Cloud
  3402 | D:3      | Reached skill level 7 in Conjurations
  3677 | D:3      | Found a glowing golden altar of the Shining One.
  3742 | D:4      | Found a snail-covered altar of Cheibriados.
  3771 | D:4      | Found a staircase to the Ecumenical Temple.
  3792 | Temple   | Entered the Ecumenical Temple
  3954 | Temple   | Became a worshipper of Vehumet
  4067 | D:4      | Noticed Ijyb
  4086 | D:4      | Killed Ijyb
  4560 | D:4      | Reached XP level 7. HP: 35/35 MP: 16/16
  4696 | D:4      | Reached skill level 8 in Conjurations
  4697 | D:4      | Acquired Vehumet's first power
  4697 | D:4      | Offered knowledge of Flame Tongue by Vehumet.
  4721 | D:4      | Learned a level 1 spell: Flame Tongue
  4780 | D:4      | Learned a level 2 spell: Blink
  4783 | D:4      | Learned a level 2 spell: Repel Missiles
  4922 | D:4      | Noticed Crazy Yiuf
  4940 | D:4      | Killed Crazy Yiuf
  5030 | D:5      | Entered Level 5 of the Dungeon
  5088 | D:5      | Reached skill level 1 in Fire Magic
  5619 | D:5      | Reached XP level 8. HP: 40/40 MP: 17/19
  6022 | D:5      | Offered knowledge of Sting by Vehumet.
  6039 | D:5      | Found a blossoming altar of Fedhas.
  6435 | D:6      | Noticed Menkaure
  6454 | D:6      | Noticed Blork the orc
  6487 | D:6      | Killed Blork the orc
  6487 | D:6      | Reached skill level 5 in Spellcasting
  6513 | D:6      | Paralysed by a giant eyeball for 2 turns
  6566 | D:6      | Found a glowing drain.
  6617 | Sewer    | Entered a sewer
  6622 | Sewer    | Offered knowledge of Stone Arrow by Vehumet.
  6628 | Sewer    | Learned a level 3 spell: Stone Arrow
  6818 | Sewer    | Acquired Vehumet's second power
  6897 | Sewer    | Found a white marble altar of Elyvilon.
  7066 | D:6      | Noticed Grinder
  7073 | D:6      | Killed Grinder
  7073 | D:6      | Reached skill level 5 in Fire Magic
  7073 | D:6      | Reached XP level 9. HP: 44/44 MP: 15/22
  7298 | D:6      | Noticed Duvessa
  7298 | D:6      | Noticed Dowan
  7307 | D:6      | Killed Duvessa
  7307 | D:6      | Reached skill level 9 in Conjurations
  7311 | D:6      | Killed Dowan
  7458 | D:6      | Offered knowledge of Sticky Flame by Vehumet.
  7473 | D:6      | Learned a level 4 spell: Sticky Flame
  7545 | D:6      | Killed Menkaure
  7885 | D:7      | Reached skill level 10 in Conjurations
  8282 | D:7      | Found a deep blue altar of Sif Muna.
  8316 | D:7      | Acquired Vehumet's third power
  8598 | D:8      | Offered knowledge of Venom Bolt by Vehumet.
  8598 | D:8      | Reached skill level 11 in Conjurations
  9118 | D:8      | Reached XP level 10. HP: 42/48 MP: 17/24
  9251 | D:8      | Found a staircase to the Lair.
  9253 | D:8      | Noticed a komodo dragon
  9313 | D:8      | Reached skill level 12 in Conjurations
  9328 | D:8      | Killed a komodo dragon
  9622 | D:8      | Noticed Edmund
  9633 | D:8      | Killed Edmund
  9654 | D:8      | Noticed Erolcha
  9666 | D:8      | Killed Erolcha
  9932 | Lair:1   | Entered Level 1 of the Lair of Beasts
  9986 | Lair:1   | Offered knowledge of Airstrike by Vehumet.
 10405 | Lair:1   | Noticed a six-headed hydra
 10410 | Lair:1   | Killed a six-headed hydra
 11028 | Lair:2   | Reached XP level 11. HP: 52/52 MP: 28/28
 11141 | Lair:2   | Noticed a black mamba
 11146 | Lair:2   | Killed a black mamba
 11435 | Lair:2   | Noticed ghwc's ghost (powerful DgIE)
 11797 | Lair:3   | Reached skill level 13 in Conjurations
 12360 | Lair:3   | Reached skill level 14 in Conjurations
 13184 | Lair:3   | Noticed a six-headed hydra
 13296 | Lair:3   | Killed a six-headed hydra
 13615 | Lair:3   | Found a staircase to the Shoals.
 13632 | Lair:3   | Reached skill level 1 in Fighting
 13790 | Lair:4   | Reached skill level 15 in Conjurations
 13819 | Lair:3   | Offered knowledge of Conjure Ball Lightning by Vehumet.
 14158 | Lair:4   | Reached skill level 10 in Spellcasting
 14158 | Lair:4   | Reached XP level 12. HP: 50/58 MP: 30/30
 14564 | Lair:4   | Noticed Nergalle
 15280 | Lair:4   | Killed Nergalle
 15280 | Lair:4   | Reached skill level 5 in Fighting
 15783 | Lair:5   | Noticed a death yak
 15838 | Lair:2   | Killed ghwc's ghost
 16010 | Lair:2   | Learned a level 5 spell: Venom Bolt
 16514 | Lair:5   | Noticed a death yak
 16528 | Lair:5   | Noticed a death yak
 16528 | Lair:5   | Killed a death yak
 16534 | Lair:5   | Killed a death yak
 16537 | Lair:5   | Noticed a death yak
 16677 | Lair:5   | Offered knowledge of Bolt of Magma by Vehumet.
 16827 | Lair:5   | Reached skill level 1 in Poison Magic
 16836 | Lair:5   | Killed a death yak
 16836 | Lair:5   | Reached XP level 13. HP: 65/70 MP: 16/31
 16845 | Lair:5   | Killed a death yak
 17195 | Lair:5   | Reached skill level 5 in Poison Magic
 17922 | Lair:6   | Found a bloodstained altar of Trog.
 18163 | Lair:6   | Found a hole to the Spider Nest.
 18567 | Lair:6   | Offered knowledge of Lightning Bolt by Vehumet.
 19008 | Lair:7   | Reached skill level 5 in Dodging
 20452 | Lair:8   | Entered Level 8 of the Lair of Beasts
 20650 | Lair:8   | Found a deep blue altar of Sif Muna.
 21199 | Lair:8   | Noticed an acid blob
 21502 | D:8      | Gained mutation: Your wings are large and strong. [gargoyle growth]
 21502 | D:8      | Reached XP level 14. HP: 76/76 MP: 32/32
 21921 | D:9      | Offered knowledge of Poison Arrow by Vehumet.
 21929 | D:9      | Learned a level 6 spell: Poison Arrow
 21988 | D:9      | Found an ancient bone altar of Kikubaaqudgha.
 21990 | D:9      | Found a glowing golden altar of the Shining One.
 22093 | D:9      | Got a brightly glowing robe
 22104 | D:9      | Identified the -1 robe of Greed {Str+2 Dex+5} (You found it on level 9 of the Dungeon)
 22684 | D:9      | Reached skill level 16 in Conjurations
 22927 | D:9      | Noticed Eustachio
 22929 | D:9      | Killed Eustachio
 23088 | D:9      | Found a staircase to the Orcish Mines.
 23250 | Orc:1    | Entered Level 1 of the Orcish Mines
 23315 | Orc:1    | Found a dark tunnel.
 23328 | Volcano  | Entered a volcano
 23512 | Volcano  | Found a burning altar of Makhleb.
 23707 | Orc:1    | Offered knowledge of Bolt of Cold by Vehumet.
 24587 | Orc:4    | Entered Level 4 of the Orcish Mines
 24598 | Orc:4    | Found Xidused's Magical Wand Boutique.
 24601 | Orc:4    | Found Goasap's Jewellery Emporium.
 24615 | Orc:4    | Noticed Urug
 24623 | Orc:4    | Killed Urug
 24639 | Orc:4    | Found Hathraru's Weapon Shop.
 24652 | Orc:4    | Offered knowledge of Poisonous Cloud by Vehumet.
 24672 | Orc:4    | Learned a level 6 spell: Poisonous Cloud
 24688 | Orc:4    | Found Shrypoino's Assorted Antiques.
 24691 | Orc:4    | Noticed Saint Roka
 24698 | Orc:4    | Noticed Erica
 24720 | Orc:4    | Found a flagged portal.
 24729 | Bailey   | Entered a bailey
 26663 | Orc:4    | Bought a scroll of teleportation for 84 gold pieces
 26757 | Orc:4    | Found a staircase to the Elven Halls.
 26815 | Orc:4    | the staircase to the Elven Halls was a mimic.
 26949 | Orc:4    | Killed Saint Roka
 27169 | Orc:4    | Killed Erica
 27220 | Orc:4    | Offered knowledge of Shatter by Vehumet.
 27220 | Orc:4    | Offered knowledge of Chain Lightning by Vehumet.
 27220 | Orc:4    | Offered knowledge of Tornado by Vehumet.
 27377 | Orc:4    | Found Hasch's General Store.
 27378 | Orc:4    | Found Amoit's Food Boutique.
 27380 | Orc:4    | Found Siagg's Weapon Emporium.
 27381 | Orc:4    | Found Smust's Assorted Antiques.
 27394 | Orc:4    | Bought a scroll of identify for 70 gold pieces
 27494 | Orc:3    | Reached skill level 10 in Fighting
 27637 | Orc:3    | Reached skill level 1 in Earth Magic
 27987 | Orc:3    | Found a staircase to the Elven Halls.
 28533 | Orc:1    | Noticed Psyche
 28533 | Orc:1    | Noticed Maurice
 28535 | Orc:1    | Killed Psyche
 28771 | Orc:4    | Bought the ring of Phontas {+Fly Str+5 Int+5} for 798 gold pieces
 28789 | Orc:4    | Bought a wand of hasting (4) for 576 gold pieces
 28860 | D:10     | Entered Level 10 of the Dungeon
 28986 | D:10     | Found Saploliu's Jewellery Emporium.
 29264 | D:10     | Reached skill level 5 in Earth Magic
 29331 | D:10     | Reached XP level 15. HP: 84/84 MP: 34/34
 30024 | D:11     | Noticed Sonja
 30036 | D:11     | Killed Sonja
 30404 | D:11     | Identified the Collected Works on Attacks and Talismans
 30407 | D:11     | Found Eno Tebb's Magic Scroll Shop.
 30416 | D:11     | Bought a scroll of identify for 24 gold pieces
 30416 | D:11     | Bought a scroll of identify for 24 gold pieces
 30416 | D:11     | Bought a scroll of identify for 24 gold pieces
 30534 | D:11     | Noticed Harold
 30537 | D:11     | Killed Harold
 32750 | Orc:4    | Bought an uncursed ring of see invisible for 180 gold pieces
 34460 | D:14     | Entered Level 14 of the Dungeon
 35308 | D:14     | Noticed Agnes
 35316 | D:14     | Killed Agnes
 35459 | D:14     | Found Saxeel's Magical Wand Emporium.
 35496 | D:14     | Learned a level 6 spell: Iron Shot
 35760 | D:15     | Entered Level 15 of the Dungeon
 36720 | D:15     | Reached skill level 15 in Spellcasting
 36903 | D:15     | Reached XP level 16. HP: 91/91 MP: 37/37
 37717 | D:10     | Bought a +5 ring of intelligence for 700 gold pieces
 37886 | D:13     | Gained mutation: Your flesh is cold resistant. [potion of beneficial mutation]
 38993 | D:16     | Found a basalt altar of Yredelemnul.
 39163 | D:16     | Reached skill level 10 in Earth Magic
 40079 | Lair:8   | Killed an acid blob
 40699 | Lair:8   | Found a staircase to the Slime Pits.
 40835 | Lair:8   | Found a viscous altar of Jiyva.
 40994 | Lair:8   | Got a warped steel amulet
 42248 | Lair:8   | Reached skill level 10 in Poison Magic
 43969 | D:17     | Reached skill level 10 in Fire Magic
 44237 | D:17     | Found a white marble altar of Elyvilon.
 44355 | D:17     | Reached XP level 17. HP: 96/96 MP: 22/38
 44606 | D:17     | Found a staircase to the Vaults.
 45512 | D:18     | Identified the amulet "Eranaraw" {Cons rC++} (You found it on level 8 of the Lair of Beasts)
 45514 | D:18     | Quit the game

Action                   |  1- 3 |  4- 6 |  7- 9 | 10-12 | 13-15 | 16-18 || total
-------------------------+-------+-------+-------+-------+-------+-------++-------
Melee: Unarmed           |    26 |       |       |       |       |       ||    26
       Trident           |       |    21 |       |       |       |       ||    21
       Flail             |       |       |       |    36 |       |       ||    36
       Staff             |       |       |       |       |    93 |    30 ||   123
 Cast: Magic Dart        |    89 |   188 |   244 |   138 |     1 |       ||   660
       Mephitic Cloud    |       |     3 |    13 |     7 |       |       ||    23
       Conjure Flame     |       |     2 |    15 |     2 |       |       ||    19
       Flame Tongue      |       |       |   202 |   172 |       |       ||   374
       Stone Arrow       |       |       |     8 |   187 |   875 |       ||  1070
       Sticky Flame      |       |       |     6 |    69 |    59 |       ||   134
       Repel Missiles    |       |       |     1 |     6 |    15 |     2 ||    24
       Blink             |       |       |       |     3 |     2 |       ||     5
       Venom Bolt        |       |       |       |    19 |   142 |    20 ||   181
       Poisonous Cloud   |       |       |       |       |    80 |    45 ||   125
       Poison Arrow      |       |       |       |       |    33 |    24 ||    57
       Iron Shot         |       |       |       |       |    38 |   278 ||   316
 Abil: Fly               |       |       |       |       |     1 |       ||     1
Evoke: Wand              |       |       |       |     4 |     3 |     7 ||    14
  Use: Scroll            |       |       |    15 |    11 |    22 |     2 ||    50
       Potion            |       |       |       |     2 |     8 |     1 ||    11
